 Dungeon Crawl Stone Soup version 0.31-a0-18-gea43df2a32 (webtiles) character file.

Game seed: 18041516400097402482

725 IdlyInterested the Twirler (level 7, -8/54 HPs)
             Began as a Demonspawn Wanderer on May 10, 2023.
             Killed from afar by an acid dragon (35 damage)
             ... with a splash of acid
             ... on level 5 of the Dungeon.
             The game lasted 00:15:40 (3985 turns).

IdlyInterested the Twirler (Demonspawn Wanderer)    Turns: 3985, Time: 00:15:41

Health: -8/54      AC:  3    Str: 15      XL:     7   Next: 43%
Magic:  7/7        EV:  9    Int: 14      God:
Gold:   235        SH:  0    Dex: 12 (13) Spells: 6/6 levels left

rFire   . . .        q - +2 dagger (speed)
rCold   + . .        (no shield)
rNeg    . . .        a - +0 scale mail
rPois   +            r - +0 helmet
rElec   .            (no cloak)
rCorr   .            (no gloves)
SInv    .            (no boots)
Will    .....        (no amulet) Stlth
                     f - ring of poison resistance
HPRegen 0.29/turn    b - ring of protection from cold
MPRegen 0.10/turn

%: no passive effects
@: corroded
A: claws 1, hooves 2, clever 1
a: no special abilities


You were on level 5 of the Dungeon.
You visited 1 branch of the dungeon, and saw 5 of its levels.

You collected 235 gold pieces.

Inventory:

Hand Weapons
 k - a +0 short sword
 o - a +2 dagger of draining
 p - a +1 dagger of venom
 q - a +2 dagger of speed (weapon)
Missiles
 e - 42 stones (quivered)
 j - 8 poisoned darts
 t - 3 boomerangs
Armour
 a - a +0 scale mail (worn)
 c - a +1 leather armour of poison resistance
 g - a +0 plate armour
 i - a +2 chain mail of cold resistance
 n - a +2 pair of boots
 r - a +0 helmet (worn)
Jewellery
 b - a ring of protection from cold (right claw)
 f - a ring of poison resistance (left claw)
Scrolls
 l - a scroll of amnesia
Potions
 d - a potion of lignification {unknown}
 h - 2 potions of heal wounds
 s - a potion of curing


   Skills:
 - Level 4.0 Fighting
 * Level 3.7(3.8) Short Blades
 - Level 1.0(2.5) Long Blades
 - Level 4.5 Staves
 - Level 1.0 Throwing
 - Level 2.0 Armour
 - Level 2.0 Dodging
 + Level 1.6 Stealth
 + Level 3.5 Unarmed Combat
 - Level 1.0 Evocations


You had 6 spell levels left.
You didn't know any spells.
Your spell library was empty.

Dungeon Overview and Level Annotations

Branches:
Dungeon (5/15)
 Temple: D:4-7

Altars:


Innate Abilities, Weirdness & Mutations

You have sharp fingernails.
You have hoof-like feet.
Your mind is acute. (Int +4, Str/Dex -1)


Message History

You hit the acid dragon but do no damage.
You kick the acid dragon.
The acid dragon is moderately wounded.
The acid dragon barely misses you. The acid dragon claws you.
You hit the acid dragon. You kick the acid dragon.
The acid dragon is heavily wounded.
You hit the acid dragon but do no damage.
The acid dragon is heavily wounded.
The acid dragon bites you! The acid dragon closely misses you.
You hit the acid dragon but do no damage.
You kick the acid dragon.
The acid dragon is severely wounded.
The acid dragon spits acid at you. The splash of acid hits you!!
* * * LOW HITPOINT WARNING * * *
The acid corrodes you!
You feel much better.
An orc wizard comes into view. It is wielding a +4 dagger.
The acid dragon closely misses you. The acid dragon completely misses you.
You hit the acid dragon. Your kick misses the acid dragon.
The acid dragon is severely wounded.
You hit the acid dragon but do no damage.
Your kick misses the acid dragon.
The acid dragon is severely wounded.
The acid dragon bites you! The acid dragon barely misses you.
The orc wizard casts a spell.
The orc wizard flickers and vanishes!
Deactivating autopickup; reactivate with Ctrl-A.
You feel much better. The acid dragon bites you! The acid dragon misses you.
You hit the acid dragon.
The acid dragon is severely wounded.
You hit the acid dragon but do no damage.
Your kick misses the acid dragon.
The acid dragon is severely wounded.
A puff of flame appears from out of thin air!
The puff of flame misses you. The acid dragon spits acid at you.
The splash of acid hits you!!
Ouch! That really hurt!
You die...

#..# #..# #..#
#..# #..#
######..#
){.....D# #.@#
#..# ....... #..#
....... #..# ##...
...## #..# #...
...# #..# #.. ..#
#..# #[# #.# #..#
##.#######.####..#


You could see an acid dragon (catching breath).

Vanquished Creatures
  A water moccasin (D:5)
  An ogre (D:4)
  A scorpion (D:4)
  2 hounds
  3 orc priests (D:4)
  An iguana (D:4)
  4 orc wizards
  Robin (D:2)
  4 gnolls (D:4)
  3 adders
  A white imp (D:4)
  An ufetubus (D:5)
  3 dart slugs
  16 orcs
  3 bats (D:1)
  10 endoplasms
  3 giant cockroaches
  15 goblins
  5 hobgoblins
  8 quokkas
  6 ball pythons
  4 frilled lizards
  7 kobolds
  4 rats
107 creatures vanquished.

Notes
Turn   | Place    | Note
-------+----------+-------------------------------------------
     0 | D:1      | IdlyInterested the Demonspawn Wanderer began the quest for
                  | the Orb.
     0 | D:1      | IdlyInterested set off with the following items: a +2
                  | quarterstaff, a +0 falchion, a +0 scale mail, a potion of
                  | mutation.
     0 | D:1      | Reached XP level 1. HP: 15/15 MP: 1/1
     0 | D:1      | Gained mutation: Your mind is acute. (Int +4, Str/Dex -1)
                  | [potion of mutation]
   297 | D:1      | Discovered your monstrous ancestry.
   297 | D:1      | Gained mutation: You have large cloven feet. [demonic
                  | ancestry]
   297 | D:1      | Reached XP level 2. HP: 19/22 MP: 2/2
   612 | D:1      | Reached skill level 1 in Stealth
  1304 | D:2      | Gained mutation: You have sharp fingernails. [demonic
                  | ancestry]
  1304 | D:2      | Reached XP level 3. HP: 28/28 MP: 3/3
  1305 | D:2      | Noticed Robin
  1351 | D:2      | Killed Robin
  1352 | D:2      | Reached skill level 1 in Throwing
  1352 | D:2      | Reached skill level 1 in Unarmed Combat
  1905 | D:3      | Reached XP level 4. HP: 34/34 MP: 4/4
  2308 | D:3      | Reached XP level 5. HP: 41/41 MP: 5/5
  2765 | D:4      | Reached skill level 1 in Short Blades
  2941 | D:4      | Reached XP level 6. HP: 31/48 MP: 6/6
  3626 | D:4      | Gained mutation: You have hoof-like feet. [demonic
                  | ancestry]
  3626 | D:4      | Reached XP level 7. HP: 34/54 MP: 7/7
  3890 | D:5      | Entered Level 5 of the Dungeon
  3985 | D:5      | Killed from afar by an acid dragon

Illustrated notes

Levels and vault maps discovered:
D:1:      dpeg_arrival_refuge, layout_basic
D:2:      layout_rooms, amcnicky_mini_corridor_feature, uniq_robin
D:3:      layout_basic
D:4:      layout_rooms
D:5:      layout_basic, nicolae_ossuary_entry_monument, minmay_pentangle

Skill      XL: |  1  2  3  4  5  6 |
---------------+-------------------+-----
Fighting       | 2 3 4 |  4.0
Stealth        | 1 |  1.6
Throwing       | 1 |  1.0
Unarmed Combat | 1 2 3 |  3.5
Short Blades   | 1 3 |  3.7
Dodging        | 2 |  2.0
Armour         | 2 |  2.0
Long Blades    | |  1.0
Staves         | |  4.5
Evocations     | |  1.0

Action                     |  1- 3 |  4- 6 |  7- 9 || total
---------------------------+-------+-------+-------++-------
  Melee: Quarterstaff      |   114 |       |       ||   114
         Kick              |     3 |    40 |    17 ||    60
         Dagger            |    35 |   378 |    40 ||   453
         Punch             |       |     5 |       ||     5
  Throw: Stone             |     4 |     4 |       ||     8
    Use: Potion            |     3 |     5 |     2 ||    10
         Scroll            |     3 |     1 |       ||     4
 Armour: Scale mail        |    88 |     7 |    13 ||   108
         Chain mail        |       |   136 |       ||   136
  Dodge: Dodged            |    80 |    62 |    26 ||   168

Table legend: (Time is in decaauts)
 A = Elapsed time spent in this place.
 B = Non-inter-level travel time spent in this place.
 C = Inter-level travel time spent in this place.
 D = Time resting spent in this place.
 E = Time spent auto-exploring this place.
 F = Levels seen in this place.
 G = Mean time per level.
                   A        B        C        D        E       F      G
               +--------+--------+--------+--------+--------+-----+--------+
         Total |   3791 |   3386 |    405 |    505 |   1783 |   5 |  758.2 |
       Dungeon |   3791 |   3386 |    405 |    505 |   1783 |   5 |  758.2 |
               +--------+--------+--------+--------+--------+-----+--------+

Top non-repeatable levels by time:
     D:1: 1261 daAuts
     D:3: 952 daAuts
     D:4: 911 daAuts
     D:2: 588 daAuts
     D:5: 78 daAuts
